 Dungeon Crawl Stone Soup version 0.29.0-4-gdea44cf6ec (webtiles) character file.

Game seed: 3432916859262761407

1 qw the Sneak (level 1, 0/14 HPs)
             Began as a Gargoyle Delver on Sept 10, 2022.
             Slain by an orc
             ... wielding a +0 vorpal hand axe
              (1 damage)
             ... on level 4 of the Dungeon.
             The game lasted 00:00:01 (175 turns).

qw the Sneak (Gargoyle Delver)                       Turns: 175, Time: 00:00:02

Health: 0/14       AC:  5    Str: 15    XL:     1   Next: 20%
Magic:  1/1        EV: 11    Int: 10    God:
Gold:   10         SH:  0    Dex: 11    Spells: 0/0 levels left

rFire   . . .      SeeInvis .   a - +0 hand axe
rCold   . . .      Faith    .   (no shield)
rNeg    + . .      Spirit   .   b - +0 leather armour
rPois   inf        Reflect  .   (no helmet)
rElec   +          Harm     .   (no cloak)
rCorr   .          Rampage  .   (no gloves)
Will    .....                   (no boots)
Stlth   +++.......              (no amulet)
HPRegen 0.04/turn               (no ring)
MPRegen 0.07/turn               (no ring)

@: no status effects
A: sickness immunity, AC +2, negative energy resistance 1, electricity
resistance, torment resistance 1, petrification resistance
a: no special abilities


You were on level 4 of the Dungeon.
You visited 1 branch of the dungeon, and saw 2 of its levels.

You collected 10 gold pieces.


Innate Abilities, Weirdness & Mutations

You are immune to sickness and miasma.
Your stone body is resilient. (AC +2)
You are immune to poison.
You resist negative energy. (rN+)
You are resistant to electric shocks. (rElec)
You are resistant to unholy torment.
You are immune to petrification.


   Skills:
 - Level 3.2 Fighting
 + Level 1.9 Axes
 - Level 1.5 Dodging
 - Level 5.4 Stealth


You couldn't memorise any spells.
You didn't know any spells.
Your spell library was empty.

Inventory:

Hand Weapons
 a - a +0 hand axe (weapon)
Armour
 b - a +0 leather armour (worn)
Wands
 g - a wand of digging (3)
Potions
 f - a potion of haste

Dungeon Overview and Level Annotations

Branches:
Dungeon (5/15)
 Temple: D:4-7

Altars:


Message History

You are frozen.
You hit the endoplasm.
The endoplasm is almost dead.
The endoplasm freezes you.
You are frozen.
You slash the endoplasm!
You kill the endoplasm!
You start resting.
You hear the slow rusting of a drain nearby. x2
HP restored.
You now have 10 gold pieces.
There is a stone staircase leading down here.
Found 5 stones.
You hear the slow rusting of a drain nearby.
You see here 5 stones.
An orc comes into view. It is wielding a +0 vorpal hand axe.
The orc shouts!
A quokka comes into view. x2
Enter note: A giant cockroach comes into view.
A gnoll comes into view. It is wielding a +0 whip.
A ball python comes into view.
A gnoll comes into view. It is wielding a +0 spear.
A quokka and a gnoll come into view.
The gnoll shouts!
You hit the orc but do no damage.
You hear a shout!
The orc hits you with a +0 vorpal hand axe.
The quokka twitches its whiskers.
The quokka misses you.
You hit the orc but do no damage. You hit the quokka.
The orc hits you with a +0 vorpal hand axe.
The quokka barely misses you.
A giant cockroach comes into view.
The orc closely misses you.
You hit the quokka.
You kill the quokka!
You completely miss the orc.
The orc hits you with a +0 vorpal hand axe.
You die...

#...........# #
#.........(.#
#.#...........#
#.#...........#
#............##
#...........#
##...........#
#......#....##
#....@#####.#
#...oB# ###
#..rS.# #..gg..
...g...#
~B.....##
~...r.. ##.....


You could see 3 gnolls, an orc, 2 quokkas, 2 giant cockroaches and a ball
python.

Vanquished Creatures
  An endoplasm (D:4)
  A quokka (D:4)
2 creatures vanquished.

Notes
Turn   | Place    | Note
-------+----------+-------------------------------------------
     0 | D:5      | qw the Gargoyle Delver began the quest for the Orb.
     0 | D:5      | Reached XP level 1. HP: 14/14 MP: 1/1
     0 | D:5      | 0 ||| qw: Version: 0.1-a-116-g5d60599
     0 | D:5      | 0 ||| qw: Game counter: 9017
     0 | D:5      | 0 ||| qw: Always use a shield: true
     0 | D:5      | 0 ||| qw: God list: Okawaru
     0 | D:5      | 0 ||| qw: Allow faded altars: false
     0 | D:5      | 0 ||| qw: Do Orc after D:15 true
     0 | D:5      | 0 ||| qw: Do second Lair branch before Depths: true
     0 | D:5      | 0 ||| qw: Lair rune preference: random
     0 | D:5      | 0 ||| qw: Plans: Normal
     0 | D:5      | 0 ||| PLANNING D:1-11
     0 | D:5      | 0 ||| DROPPING scroll of fog.
     1 | D:5      | 1 ||| DROPPING scroll of magic mapping.
     2 | D:5      | 2 ||| DROPPING scroll of fear.
     8 | D:4      | 8 ||| PLANNING SEWER
   175 | D:4      | HP: 1/14 [orc/+0 vorpal hand axe (5)]
   175 | D:4      | Slain by an orc

Levels and vault maps discovered:
D:4:      minmay_wonky_spiral, layout_cave_pods, portal_sewer_entry_f
D:5:      black_bear_nest_1, layout_loops_corners, uniq_blork_the_orc

Action                   || total
-------------------------++-------
Melee: Hand axe          ||     6
 Stab: Sleeping          ||     1
Dodge: Dodged            ||     3

Table legend:
 A = Non-vault XP
 B = Vault XP
 C = Vault XP percentage of total XP
 D = Non-vault monster count
 E = Vault monster count
 F = Vault count percentage of total count
                 A         B        C        D         E       F
            +---------+---------+-------+---------+---------+-------
      Total |       2 |       2 |  50.0 |       1 |       1 |  50.0
            +---------+---------+-------+---------+---------+-------
        D:4 |       2 |       2 |  50.0 |       1 |       1 |  50.0
            +---------+---------+-------+---------+---------+-------
